 Dungeon Crawl Stone Soup version 0.21-a0-630-g344d351 (webtiles) character file.

63 mortelune the Sneak (level 3, -3/28 HPs)
             Began as a Vampire Assassin on Dec 25, 2017.
             Slain by a gnoll
             ... wielding a +0 spear
              (6 damage)
             ... on level 2 of the Dungeon.
             The game lasted 00:11:31 (2270 turns).

mortelune the Sneak (Vampire Assassin)              Turns: 2270, Time: 00:11:32

Health: -3/28      AC:  3    Str: 11    XL:     3   Next: 89%
Magic:  3/3        EV: 12    Int: 13    God:
Gold:   20         SH:  0    Dex: 15    Spells: 2/2 levels left

rFire    . . .     SeeInvis +   a - +2 dagger
rCold    + . .     Gourm    .   (no shield)
rNeg     + + .     Faith    .   c - +0 robe
rPois    +         Spirit   .   (no helmet)
rElec    .         Reflect  .   d - +0 cloak
rCorr    .         Harm     .   (no gloves)
MR       .....                  (no boots)
Stlth    ++++......             (no amulet)
HPRegen  0.04/turn              (no ring)
MPRegen  0.08/turn              (no ring)

@: regenerating slowly
A: fangs 3, see invisible, unbreathing
a: Bat Form


You were on level 2 of the Dungeon.
You were thirsty.

You visited 1 branch of the dungeon, and saw 2 of its levels.

You collected 20 gold pieces.

Inventory:

Hand Weapons
 a - a +2 dagger (weapon)
 b - a +1 blowgun
 i - a -1 dagger
 j - a +0 hunting sling
Missiles
 e - 8 poisoned needles
 f - 8 curare-tipped needles
 m - 13 stones (quivered)
 o - 4 needles of confusion
Armour
 c - a +0 robe (worn)
 d - a +0 cloak (worn)
Jewellery
 n - a cursed -3 ring of dexterity {unknown}
Scrolls
 l - 2 scrolls of identify
Potions
 g - 14 potions of blood
 h - a potion of resistance {unknown}
 k - 4 potions of curing


   Skills:
 + Level 2.4 Fighting
 + Level 3.0 Short Blades
 + Level 2.2 Throwing
 - Level 1.1 Dodging
 + Level 6.5 Stealth


You had 2 spell levels left.
You didn't know any spells.

Dungeon Overview and Level Annotations

Branches:
Dungeon (2/15)

Altars:


Innate Abilities, Weirdness & Mutations

You heal slowly.
You have razor-sharp teeth.
You have supernaturally acute eyesight. (SInv)
You can survive without breathing.


Message History

The gnoll shouts! x3
The gnoll hits you with a spear! The gnoll barely misses you.
You hit the gnoll. You bite the gnoll.
You draw the gnoll's blood!
You feel better.
You feel slightly less thirsty.
The gnoll is lightly wounded.
The gnoll hits you with a spear.
The gnoll hits you from afar with a spear.
The gnoll hits you with a whip.
You hit the gnoll but do no damage.
The gnoll is lightly wounded.
The gnoll misses you.
The gnoll hits you from afar with a spear.
* * * LOW HITPOINT WARNING * * *
The gnoll closely misses you.
You hit the gnoll but do no damage.
The gnoll is lightly wounded.
The gnoll hits you from afar with a spear.
* * * LOW HITPOINT WARNING * * *
The gnoll hits you with a spear.
You die...

................###
............###...###
....................##
.....................#
..................#..###
...#.#..###...#.####...#
..##.#..##..#.#..# ###.##
## #.#.....##.##.#####..##
#....####....@....#...#
#.##........gg.g..#...#
##..#...................#
..........##.........#...#
..#####.#............#...#
## #.####.........#####
#.## #..........>..#
..................##
######.###.........####


You could see 3 gnolls.

Vanquished Creatures
  3 adders
  A leopard gecko (D:1)
  A ball python (D:1)
  4 giant cockroaches
  5 goblins (D:1)
  4 hobgoblins (D:1)
  A quokka (D:2)
  4 bats
  A frilled lizard (D:1)
  5 kobolds
  6 rats
35 creatures vanquished.

Notes
Turn   | Place    | Note
-------+----------+-------------------------------------------
     0 | D:1      | mortelune the Vampire Assassin began the quest for the Orb.
     0 | D:1      | Reached XP level 1. HP: 16/16 MP: 1/1
   107 | D:1      | Reached skill level 6 in Stealth
   229 | D:1      | Reached XP level 2. HP: 21/22 MP: 2/2
  1481 | D:2      | Reached XP level 3. HP: 24/27 MP: 3/3
  2260 | D:2      | Upgraded the game from 0.21-a0-625-g1119ec1 to 0.21-a0-630-g344d351
  2270 | D:2      | Slain by a gnoll

Vault maps used:
D:1:      matt_arrival_spirals, minmay_tripent
D:2:      first_ration

Skill      XL: |  1  2  3 |
---------------+----------+-----
Stealth        | 6 |  6.5
Fighting       | 2 |  2.4
Throwing       | 2 |  2.2
Short Blades   | 3 |  3.0
Dodging        | |  1.1

Action                   || total
-------------------------++-------
Melee: Dagger            ||   109
       Bite              ||    11
  Use: Scroll            ||     5
       Potion            ||     2
 Stab: Sleeping          ||    12
Armor: Robe              ||    32
Dodge: Dodged            ||    91

Table legend:
 A = Spawn XP
 B = Non-spawn XP
 C = Spawn XP percentage of total XP
 D = Spawn monster count
 E = Non-spawn monster count
 F = Spawn count percentage of total count
 G = Total turns spent on level
                    A         B        C        D         E        F      G
               +---------+---------+-------+---------+---------+-------+---------
         Total |       0 |      91 |   0.0 |       0 |      35 |   0.0 |  2270
               +---------+---------+-------+---------+---------+-------+---------
           D:1 |       0 |      51 |   0.0 |       0 |      24 |   0.0 |  1886
           D:2 |       0 |      40 |   0.0 |       0 |      11 |   0.0 |   384
               +---------+---------+-------+---------+---------+-------+---------
